 Dungeon Crawl Stone Soup version 0.30-a0-782-ge64f9170bb (webtiles) character file.

Game seed: 9240446022565904462

18676 mopl the Tainter (level 12, -2/94 HPs)
             Began as a Formicid Venom Mage on Mar 12, 2023.
             Was the Champion of Cheibriados.
             Slain by a cane toad (11 damage)
             ... on level 1 of the Lair of Beasts.
             The game lasted 00:17:46 (11589 turns).

mopl the Tainter (Formicid Venom Mage)             Turns: 11589, Time: 00:17:46

Health: -2/94      AC:  0    Str: 35    XL:     12   Next: 98%
Magic:  15/18      EV: 23    Int: 40    God:    Cheibriados [******]
Gold:   713        SH:  0    Dex: 41    Spells: 12/17 levels left

rFire   . . .      SeeInvis +    a - +5 war axe "Qider Qucsoe" {elec, *Corrode Fragile Str+3 Dex+6}
rCold   + . .      Faith    .    (no shield)
rNeg    . . .      Spirit   .    C - +1 robe of the Wumpus {rElec rC+ Str+3 Slay+3}
rPois   .          Reflect  .    (helmet unavailable)
rElec   +          Harm     .    n - +0 cloak
rCorr   .          Rampage  .    W - +1 pair of gloves
Will    +....                    (no boots)
Stlth   ++++                     L - amulet of regeneration
HPRegen 1.15/turn                l - +6 ring of intelligence
MPRegen 0.16/turn                X - +6 ring of dexterity

@: lethally poisoned (-2 -> -5), corroded, very slow
A: permanent stasis, dig shafts and tunnels, antennae 3, four strong arms
a: Dig, Shaft Self, Renounce Religion, Bend Time, Temporal Distortion, Slouch,
Step From Time


You were on level 1 of the Lair of Beasts.
You worshipped Cheibriados.
Cheibriados was exalted by your worship.
You visited 3 branches of the dungeon, and saw 13 of its levels.
You also visited: Sewer and Ossuary.

You collected 779 gold pieces.
You spent 66 gold pieces at shops.

Inventory:

Hand Weapons
 a - the +5 war axe "Qider Qucsoe" (weapon) {elec, *Corrode Fragile Str+3 Dex+6}
   (You found it on level 10 of the Dungeon)

   Str:       It affects your strength (+3).
   Dex:       It affects your dexterity (+6).
   *Corrode:  It may corrode you when you take damage.
   Fragile:   It will be destroyed if unequipped.
 v - a +2 scimitar of flaming
 U - a +2 heavy war axe
Missiles
 j - 35 poisoned darts
 Q - 3 boomerangs of dispersal
 S - a curare-tipped dart
Armour
 n - a +0 cloak (worn)
 C - the +1 robe of the Wumpus (worn) {rElec rC+ Str+3 Slay+3}
   (You found it on level 4 of the Dungeon)

   Str:       It affects your strength (+3).
   Slay:      It affects your accuracy & damage with ranged weapons and melee
   (+3).
   rC:        It protects you from cold.
   rElec:     It insulates you from electricity.
 W - a +1 pair of gloves (worn)
Jewellery
 l - a +6 ring of intelligence (left hand)
 o - a ring of positive energy
 L - an amulet of regeneration (around neck)
 X - a +6 ring of dexterity (right hand)
Wands
 s - a wand of flame (52)
 y - a wand of light (8)
 T - a wand of paralysis (9)
Scrolls
 c - 3 scrolls of brand weapon
 e - 2 scrolls of magic mapping
 f - 4 scrolls of blinking {unknown}
 m - 4 scrolls of teleportation {unknown}
 u - 3 scrolls of vulnerability
 H - 2 scrolls of fear
 I - 2 scrolls of amnesia
 K - 3 scrolls of immolation {unknown}
 N - 2 scrolls of poison
 V - a scroll of fog
Potions
 b - a potion of magic
 d - 3 potions of brilliance
 p - 3 potions of invisibility
 r - 4 potions of heal wounds
 t - 3 potions of might
 z - 6 potions of lignification {!q}
 J - 7 potions of curing
 M - 2 potions of resistance


   Skills:
 + Level 8.4 Fighting
 + Level 7.8 Throwing
 + Level 8.5 Armour
 + Level 7.4 Dodging
 - Level 2.4 Stealth
 - Level 3.0 Spellcasting
 - Level 1.1 Transmutations
 + Level 12.5 Poison Magic
 + Level 9.0 Invocations
 + Level 8.5 Evocations


You had 12 spell levels left.
You knew the following spells:

 Your Spells              Type           Power      Damage    Failure   Level
a - Sting                 Tmut/Pois      100%       1d8       1%          1
o - Olgreb's Toxic Radia  Pois           82%        N/A       1%          4

Your spell library contained the following spells:

 Spells                   Type           Power      Damage    Failure   Level
 Poisonous Vapours        Pois/Air       100%       N/A       1%          2
 Mephitic Cloud           Conj/Pois/Air  39%        N/A       1%          3
 Magic Dart               Conj           24%        1d4       3%          1
 Passwall                 Tmut/Erth      8%         N/A       4%          2
 Call Imp                 Summ           6%         N/A       5%          2
 Ensorcelled Hibernation  Hex/Ice        12%        N/A       5%          2
 Lesser Beckoning         Tloc           12%        N/A       5%          2
 Call Canine Familiar     Summ           6%         N/A       11%         3
 Frozen Ramparts          Ice            12%        1d2       11%         3
 Gell's Gravitas          Tloc           6%         N/A       11%         3
 Portal Projectile        Hex/Tloc       12%        N/A       11%         3
 Teleport Other           Tloc           6%         N/A       11%         3
 Ice Form                 Ice/Tmut       10%        N/A       28%         4
 Leda's Liquefaction      Hex/Erth       3%         N/A       34%         4
 Summon Ice Beast         Ice/Summ       6%         N/A       34%         4
 Swiftness                Air            Unusable   N/A       N/A         3

Dungeon Overview and Level Annotations

Branches:
Dungeon (11/15)            Temple (1/1) D:4            Lair (1/5) D:11
    Orc (0/2) D:9           Sewer (visited)         Ossuary (visited)

Altars:
Cheibriados
Dithmenos
Fedhas
Gozag
Hepliaklqana
Nemelex Xobeh
Ru
Sif Muna
Trog
Uskayaw
Wu Jian
Xom
Yredelemnul

Shops:
D:8 *   D:11 *

Annotations:
D:4 2 runed translucent doors, zurenarrh's ghost, amateur OpTm
Lair:1 Prince Ribbit


Innate Abilities, Weirdness & Mutations

You cannot be hasted, slowed, berserked, paralysed or teleported.
You can dig through walls and to a lower floor.
You have a pair of large antennae on your head. (SInv)
Your four strong arms can wield two-handed weapons with a shield.


Message History

Prince Ribbit hops awkwardly around.
The bullfrog croaks.
You slash the blink frog!
You kill the blink frog!
Cheibriados thoroughly appreciates the change of pace.
You miss the blink frog. The blink frog closely misses you.
Prince Ribbit hits you. The blink frog completely misses you.
You slash the cane toad!
Lightning courses through the cane toad!
The cane toad is severely wounded.
You hit Prince Ribbit. You barely miss the blink frog. Prince Ribbit hits you!
Your corrosive artefact corrodes you!
The blink frog completely misses you. The cane toad completely misses you.
The blink frog misses you.
Prince Ribbit croaks regally.
Prince Ribbit misses you.
You closely miss the cane toad.
The cane toad is severely wounded.
You slash Prince Ribbit! You slash the blink frog!
Lightning courses through the blink frog!
You kill the blink frog!
Cheibriados thoroughly appreciates the change of pace.
The cane toad stings you! Prince Ribbit misses you.
The cane toad barely misses you. Prince Ribbit hits you.
You hit the cane toad.
The cane toad is severely wounded.
You miss Prince Ribbit. Prince Ribbit closely misses you.
The cane toad closely misses you. The cane toad stings you!
Your corrosive artefact corrodes you!
You are poisoned.
The cane toad poisons you! Prince Ribbit hits you!!
You hit the cane toad.
The cane toad is almost dead.
You hit Prince Ribbit.
You feel very sick.
Prince Ribbit hops awkwardly around.
Prince Ribbit hits you!!
* * * LOW HITPOINT WARNING * * *
The cane toad closely misses you. Prince Ribbit closely misses you.
The cane toad stings you!
You die...

........#..# .
...........>. .#.
P.######..... ....
#.# ###... ....#
###.# #.... #.....
#.#.## ##..P #.....#
###...## #...#
#.FF##......#####...#
#F@.........##...#.
#.†##...###.......#
#######†# #......##
### ##.#.#...
##..##.. #...##..
##..#P.. ##.#...#
#..#...#


You could see Prince Ribbit (poisoned), a cane toad and a bullfrog.

Vanquished Creatures
  A catoblepas (Lair:1)
  3 two-headed ogres
  Erica (D:8)
  A boulder beetle (Lair:1)
  An ugly thing (D:9)
  Maurice (D:8)
  A cane toad (Lair:1)
  2 gargoyles (D:11)
  3 komodo dragons (Lair:1)
  An unseen horror (D:11)
  2 blink frogs (Lair:1)
  15 yaks
  5 wyverns
  A basilisk (D:11)
  4 steam dragons
  Grum (Lair:1)
  3 vampire mosquitoes (D:10)
  Menkaure (Ossuary)
  8 water moccasins
  An ice beast (D:6)
  6 orc warriors
  2 sky beasts
  3 ogres
  8 wolves
  3 centaurs
  4 phantoms
  2 bullfrogs
  3 kobold brigands
  A gnoll sergeant (D:8)
  4 necrophages
  A scorpion (D:5)
  12 killer bees
  6 howler monkeys
  A jelly (D:4)
  3 hounds
  10 orc priests
  14 orc wizards
  2 iguanas
  Natasha (thrice) (D:2)
  A hell rat (Sewer)
  3 mummies (Ossuary)
  9 gnolls
  7 adders
  3 white imps
  A dart slug (D:4)
  32 orcs
  4 ball pythons
  10 bats
  7 endoplasms
  6 giant cockroaches
  6 gnoll zombies (Ossuary)
  8 goblins
  7 hobgoblins
  5 jackals (D:3)
  13 kobolds
  6 quokkas
  A frilled lizard (D:2)
  4 gnoll skeletons (Ossuary)
  7 goblin skeletons (Ossuary)
  3 goblin zombies (Ossuary)
  4 hobgoblin skeletons (Ossuary)
  5 hobgoblin zombies (Ossuary)
  5 kobold skeletons (Ossuary)
  A kobold zombie (Ossuary)
  2 orc skeletons (Ossuary)
  5 orc zombies (Ossuary)
  7 rats
  3 rat skeletons (Ossuary)
  5 rat zombies (Ossuary)
324 creatures vanquished.

Vanquished Creatures (others)
  5 fungi (D:6)
  8 plants
13 creatures vanquished.

Grand Total: 337 creatures vanquished

Notes
Turn   | Place    | Note
-------+----------+-------------------------------------------
     0 | D:1      | mopl the Formicid Venom Mage began the quest for the Orb.
     0 | D:1      | Reached XP level 1. HP: 13/13 MP: 3/3
    98 | D:1      | Reached XP level 2. HP: 13/19 MP: 0/5
  1018 | D:2      | Reached XP level 3. HP: 14/24 MP: 0/7
  1128 | D:2      | You fall into a shaft and drop 1 floor!
  1292 | D:2      | Reached skill level 3 in Spellcasting
  1415 | D:1      | Reached skill level 5 in Poison Magic
  1598 | D:2      | Found a faded altar of an unknown god.
  1630 | D:2      | Reached XP level 4. HP: 30/30 MP: 2/8
  1641 | D:2      | Learned a level 4 spell: Olgreb's Toxic Radiance
  1665 | D:2      | Noticed Natasha
  1678 | D:2      | Killed Natasha
  1679 | D:2      | Reached skill level 6 in Poison Magic
  1768 | D:2      | Reached XP level 5. HP: 35/35 MP: 4/9
  2045 | D:2      | Noticed Natasha
  2056 | D:2      | Killed Natasha
  2057 | D:2      | Reached skill level 7 in Poison Magic
  2151 | D:2      | Found a faded altar of an unknown god.
  2372 | D:2      | Noticed Natasha
  2379 | D:2      | Killed Natasha
  2889 | D:3      | Found a hide-covered altar of Uskayaw.
  3111 | D:3      | Found a bloodstained altar of Trog.
  3348 | D:3      | Reached XP level 6. HP: 41/41 MP: 8/10
  3767 | D:4      | Found a glowing drain.
  3784 | Sewer    | Entered a sewer
  3934 | D:4      | Noticed an ogre
  3946 | D:4      | Killed an ogre
  3947 | D:4      | Reached skill level 1 in Fighting
  3947 | D:4      | Reached skill level 1 in Armour
  3947 | D:4      | Reached skill level 2 in Dodging
  3947 | D:4      | Reached skill level 1 in Evocations
  4028 | D:4      | Found a staircase to the Ecumenical Temple.
  4037 | Temple   | Entered the Ecumenical Temple
  4083 | Temple   | Became a worshipper of Cheibriados the Contemplative
  4128 | D:4      | Reached skill level 1 in Throwing
  4129 | D:4      | Reached skill level 8 in Poison Magic
  4129 | D:4      | Reached XP level 7. HP: 27/48 MP: 2/11
  4288 | D:4      | Identified the +1 robe of the Wumpus {rElec rC+ Str+3
                  | Slay+3}
  4348 | D:4      | Reached skill level 1 in Invocations
  4485 | D:4      | Found a large runed translucent door.
  4485 | D:4      | Found a large runed translucent door.
  4487 | D:4      | Noticed zurenarrh's ghost (amateur OpTm)
  4750 | D:5      | Entered Level 5 of the Dungeon
  4761 | D:5      | Found a sacrificial altar of Ru.
  4789 | D:5      | Reached skill level 2 in Fighting
  4789 | D:5      | Reached skill level 2 in Armour
  4789 | D:5      | Reached skill level 2 in Evocations
  4805 | D:5      | Reached skill level 2 in Throwing
  4805 | D:5      | Reached skill level 2 in Invocations
  4805 | D:5      | Reached XP level 8. HP: 52/56 MP: 3/12
  4965 | D:5      | Reached * piety under Cheibriados
  5000 | D:5      | Reached skill level 3 in Dodging
  5571 | D:6      | Reached skill level 3 in Evocations
  5575 | D:6      | Reached skill level 3 in Fighting
  5575 | D:6      | Reached skill level 3 in Armour
  5706 | D:6      | Reached skill level 3 in Invocations
  5894 | D:6      | Reached skill level 3 in Throwing
  5897 | D:6      | Reached XP level 9. HP: 64/64 MP: 9/13
  5958 | D:6      | Reached skill level 9 in Poison Magic
  6344 | D:6      | Reached skill level 4 in Invocations
  6347 | D:6      | Reached skill level 4 in Evocations
  6458 | D:6      | Reached ** piety under Cheibriados
  6459 | D:6      | Reached skill level 4 in Fighting
  6459 | D:6      | Reached skill level 4 in Armour
  6906 | D:7      | Reached skill level 4 in Dodging
  6931 | D:7      | Found a sand-covered staircase.
  6968 | Ossuary  | Entered an ossuary
  7138 | Ossuary  | Reached *** piety under Cheibriados
  7220 | Ossuary  | Noticed Menkaure
  7227 | Ossuary  | Killed Menkaure
  7228 | Ossuary  | Reached skill level 4 in Throwing
  7302 | D:7      | Reached skill level 6 in Fighting
  7302 | D:7      | Reached skill level 6 in Throwing
  7302 | D:7      | Reached skill level 6 in Armour
  7302 | D:7      | Reached skill level 5 in Dodging
  7302 | D:7      | Reached skill level 10 in Poison Magic
  7302 | D:7      | Reached skill level 6 in Invocations
  7302 | D:7      | Reached skill level 6 in Evocations
  7302 | D:7      | Reached XP level 10. HP: 77/77 MP: 13/15
  7546 | D:7      | Reached skill level 11 in Poison Magic
  7613 | D:7      | Reached XP level 11. HP: 13/83 MP: 5/16
  7799 | D:8      | Reached **** piety under Cheibriados
  7820 | D:8      | Found Fiomn's General Store.
  7830 | D:8      | Reached skill level 7 in Invocations
  7835 | D:8      | Bought a scroll of poison for 44 gold pieces
  7835 | D:8      | Bought a potion of degeneration for 11 gold pieces
  7835 | D:8      | Bought a scroll of noise for 11 gold pieces
  7846 | D:8      | Found a hazy altar of Hepliaklqana.
  7859 | D:8      | Noticed a two-headed ogre
  7868 | D:8      | Killed a two-headed ogre
  7869 | D:8      | Reached skill level 6 in Dodging
  8070 | D:8      | Noticed Maurice
  8085 | D:8      | Killed Maurice
  8173 | D:8      | Noticed Erica
  8177 | D:8      | Killed Erica
  8178 | D:8      | Reached skill level 7 in Armour
  8178 | D:8      | Reached skill level 7 in Evocations
  8938 | D:9      | Reached skill level 7 in Fighting
  8991 | D:9      | Reached ***** piety under Cheibriados
  9310 | D:9      | Found a staircase to the Orcish Mines.
  9510 | D:9      | Noticed a two-headed ogre
  9517 | D:9      | Killed a two-headed ogre
  9588 | D:9      | Noticed a cyan ugly thing
  9595 | D:9      | Killed a cyan ugly thing
  9596 | D:9      | Reached skill level 7 in Throwing
  9617 | D:9      | Found a sparkling altar of Nemelex Xobeh.
  9642 | D:10     | Entered Level 10 of the Dungeon
  9661 | D:10     | Reached skill level 8 in Invocations
  9661 | D:10     | Reached XP level 12. HP: 49/91 MP: 12/18
  9672 | D:10     | Identified the +5 war axe "Qider Qucsoe" {elec, *Corrode
                  | Fragile Str+3 Dex+6}
 10423 | D:11     | Found Gozag's Platinum Reserve.
 10424 | D:11     | Found an opulent altar of Gozag.
 10436 | D:11     | Found a staircase to the Lair.
 10447 | D:11     | Reached skill level 12 in Poison Magic
 10460 | D:11     | Reached ****** piety under Cheibriados
 10462 | D:11     | Reached skill level 7 in Dodging
 10565 | D:11     | Noticed a two-headed ogre
 10572 | D:11     | Killed a two-headed ogre
 10573 | D:11     | Reached skill level 8 in Armour
 10573 | D:11     | Reached skill level 8 in Evocations
 10854 | D:11     | Reached skill level 8 in Fighting
 10880 | D:11     | Identified the +7 dagger of the Radish {antimagic, rElec
                  | Will+}
 11079 | Lair:1   | Entered Level 1 of the Lair of Beasts
 11170 | Lair:1   | Noticed Grum
 11175 | Lair:1   | Noticed a boulder beetle
 11177 | Lair:1   | Killed Grum
 11181 | Lair:1   | Killed a boulder beetle
 11259 | Lair:1   | Noticed a catoblepas
 11271 | Lair:1   | Killed a catoblepas
 11577 | Lair:1   | Reached skill level 9 in Invocations
 11582 | Lair:1   | Noticed Prince Ribbit
 11589 | Lair:1   | Slain by a cane toad

Illustrated notes

Levels and vault maps discovered:
D:1:      sevenhm_arrival_forest_fort_large_4, layout_loops_cross, hex_medium,
          hangedman_feature_mirror, minivault_4, minmay_misc_feat_four_crosses
D:2:      layout_basic, nicolae_ecumenical_lake_church,
          kennysheep_generic_room_16, uniq_natasha
D:3:      layout_basic, nicolae_uskayaw_suspiria, lightli_temple_of_fire
D:4:      layout_basic, temple_green, portal_sewer_entry_f,
          ebering_ghost_disaster_area
D:5:      layout_cave_pods, nicolae_ru_sacrificial_ziggurat
D:6:      kennysheep_steamy, layout_basic, mainiacjoe_overflow_cross_hatched
D:7:      layout_gridville, nicolae_ossuary_entry_ruins, serial_bayou_ford_a
D:8:      layout_basic, mainiacjoe_overflow_alcove_4, serial_shops,
          nicolae_shop_advertising_works [nicolae_subvault_shop_adworks],
          minmay_holes, minmay_misc_feat_encased, uniq_erica, uniq_maurice
D:9:      layout_long_grid, nemelex_diamond_rough_becter, erik_orc_2
D:10:     layout_basic, item_on_display_a
D:11:     layout_roguey, minmay_lair_entry_grove,
          nicolae_gozag_zags_fifth_avenue
Temple:   regret_index_temple_sphere_string
Lair:1:   layout_layer_cave, st_stairs_11, uniq_prince_ribbit2, uniq_grum

Skill      XL: |  1  2  3  4  5  6  7  8  9 10 11 12 |
---------------+-------------------------------------+-----
Spellcasting   | 3 |  3.0
Poison Magic   | 5 6 7 8 10 11 12 | 12.5
Fighting       | 1 2 3 6 7 8 |  8.4
Armour         | 1 2 3 6 7 8 |  8.5
Dodging        | 2 3 5 6 7 |  7.4
Evocations     | 1 2 3 6 7 8 |  8.5
Throwing       | 1 2 3 6 7 |  7.8
Invocations    | 2 3 6 8 9 |  9.0
Stealth        | |  2.4
Transmutations | |  1.1

Action                     |  1- 3 |  4- 6 |  7- 9 | 10-12 || total
---------------------------+-------+-------+-------+-------++-------
  Melee: Unarmed           |    24 |       |       |       ||    24
         Dagger            |     6 |     9 |       |       ||    15
         Staff             |     2 |       |       |       ||     2
         Spear             |       |    41 |    63 |       ||   104
         Punch             |       |       |     5 |     2 ||     7
         Short sword       |       |       |    53 |       ||    53
         War axe           |       |       |    85 |   203 ||   288
   Cast: Sting             |    51 |    46 |    44 |    19 ||   160
         Olgreb's Toxic Ra |       |     8 |    13 |    52 ||    73
 Invoke: Slouch            |       |       |       |     1 ||     1
Ability: Dig               |       |       |       |     2 ||     2
    Use: Scroll            |       |       |    11 |     9 ||    20
         Potion            |       |       |     1 |     1 ||     2
   Stab: Sleeping          |     3 |     4 |     4 |     6 ||    17
         Distracted        |       |       |       |     2 ||     2
 Armour: Robe              |    12 |     6 |    40 |    28 ||    86
  Dodge: Dodged            |    31 |    42 |   146 |   259 ||   478

Table legend: (Time is in decaauts)
 A = Elapsed time spent in this place.
 B = Non-inter-level travel time spent in this place.
 C = Inter-level travel time spent in this place.
 D = Time resting spent in this place.
 E = Time spent auto-exploring this place.
 F = Levels seen in this place.
 G = Mean time per level.
                   A        B        C        D        E       F      G
               +--------+--------+--------+--------+--------+-----+--------+
         Total |  15453 |  14930 |    523 |   1679 |  10340 |  15 | 1030.2 |
       Dungeon |  13867 |  13377 |    490 |   1617 |   9401 |  11 | 1260.6 |
        Temple |     78 |     46 |     32 |      0 |     36 |   1 |   78.0 |
          Lair |    880 |    880 |      0 |     62 |    605 |   1 |  880.0 |
         Sewer |     84 |     84 |      0 |      0 |     49 |   1 |   84.0 |
       Ossuary |    542 |    542 |      0 |      0 |    247 |   1 |  542.0 |
               +--------+--------+--------+--------+--------+-----+--------+

Top non-repeatable levels by time:
     D:8: 1782 daAuts
     D:2: 1517 daAuts
     D:6: 1424 daAuts
    D:10: 1411 daAuts
     D:9: 1363 daAuts
     D:3: 1190 daAuts
    D:11: 1089 daAuts
     D:5: 1078 daAuts
     D:4: 1050 daAuts
     D:1: 1014 daAuts
     D:7: 944 daAuts
  Lair:1: 880 daAuts
 Ossuary: 542 daAuts
   Sewer: 84 daAuts
  Temple: 78 daAuts
